 Dungeon Crawl Stone Soup version 0.26-a0-611-g354ed81502 (webtiles) character file.

Game seed: 8679960459344115233

191 MrRokkomies the Covered (level 5, -13/47 HPs)
             Began as a Demigod Wanderer on Sept 7, 2020.
             Killed by divine providence
             ... invoked by an orc priest
              (15 damage)
             ... on level 4 of the Dungeon.
             The game lasted 00:05:47 (2933 turns).

MrRokkomies the Covered (Demigod Wanderer)          Turns: 2933, Time: 00:05:50

Health: -13/47     AC: 11    Str: 16    XL:     5   Next: 18%
Magic:  7/7        EV:  9    Int: 18    God:
Gold:   157        SH:  0    Dex: 14    Spells: 4/4 levels left

rFire    . . .     SeeInvis .   a - +3 spear (vamp)
rCold    . . .     Faith    .   (no shield)
rNeg     . . .     Spirit   .   d - +2 scale mail
rPois    .         Reflect  .   (no helmet)
rElec    .         Harm     .   p - +1 cloak
rCorr    .                      (no gloves)
MR       .....                  (no boots)
Stlth    ..........             (no amulet)
HPRegen  0.15/turn              (no ring)
MPRegen  0.10/turn              (no ring)

@: no status effects
A: high mp 1
a: no special abilities


You were on level 4 of the Dungeon.
You visited 1 branch of the dungeon, and saw 4 of its levels.

You collected 157 gold pieces.

Inventory:

Hand Weapons
 a - a +3 vampiric spear (weapon)
 b - a +0 hunting sling
Missiles
 g - 46 arrows
 l - 68 stones (quivered)
 v - 7 sling bullets
Armour
 d - a +2 scale mail (worn)
 e - a +0 pair of boots
 p - a +1 cloak (worn)
Jewellery
 o - an uncursed ring of fire
Scrolls
 k - a scroll of enchant armour
 u - 2 scrolls of remove curse
 w - 2 scrolls of fog
Potions
 c - a potion of curing
 f - 2 potions of brilliance
 h - a potion of stabbing {unknown}
 i - a potion of lignification
 m - 2 potions of flight
 s - a potion of haste {unknown}


   Skills:
 * Level 4.3 Fighting
   Level 1.0 Bows
 * Level 5.0 Armour
   Level 1.0 Shields
   Level 1.0 Evocations


You had 4 spell levels left.
You didn't know any spells.
Your spell library was empty.

Dungeon Overview and Level Annotations

Branches:
Dungeon (4/15)
 Temple: D:4-7


Innate Abilities, Weirdness & Mutations

You have an increased reservoir of magic. (+10% MP)


Message History

The orc barely misses you.
The orc priest hits you but does no damage.
You hit the orc priest but do no damage.
The orc priest is almost dead.
The orc hits you but does no damage.
The orc priest calls down the wrath of Beogh upon you.
Beogh smites you!
* * * LOW HITPOINT WARNING * * *
You hit the orc priest.
The orc priest is almost dead.
The orc hits you with a +0 morningstar.
* * * LOW HITPOINT WARNING * * *
The orc priest looks satisfied for a moment.
You hit the orc priest but do no damage.
The orc priest is almost dead.
The orc hits you with a +0 morningstar.
* * * LOW HITPOINT WARNING * * *
The orc priest mumbles some strange prayers to Beogh against you.
Beogh smites you!
You die...

#o# ##.# #.##
##.# ### #..#
####.###.##
#.....##o#
##.....#o##
#..>...@o#
##........#
#........##
#.........#
##.........#
#..........#
#..........#
##...........#
#............#


You could see an orc priest and 2 orcs.

Vanquished Creatures
  An orc wizard (D:3)
  A howler monkey skeleton (D:3)
  6 adders
  An ooze (D:1)
  A worm (D:2)
  2 dart slugs
  4 leopard geckos
  4 orcs (D:3)
  A ball python (D:1)
  6 giant cockroaches
  13 goblins
  3 hobgoblins
  9 jackals
  9 kobolds
  A quokka (D:4)
  3 bats
  2 frilled lizards
  8 rats
75 creatures vanquished.

Vanquished Creatures (others)
  A jackal (D:3)
1 creature vanquished.

Grand Total: 76 creatures vanquished

Notes
Turn   | Place    | Note
-------+----------+-------------------------------------------
     0 | D:1      | MrRokkomies the Demigod Wanderer began the quest for the
                  | Orb.
     0 | D:1      | MrRokkomies set off with the following items: a +0 club, a
                  | potion of lignification, a potion of curing, a +2 scale
                  | mail
     0 | D:1      | Reached XP level 1. HP: 18/18 MP: 3/3
   186 | D:1      | Reached XP level 2. HP: 26/26 MP: 4/4
   222 | D:1      | Reached skill level 4 in Armour
   596 | D:1      | Reached XP level 3. HP: 30/31 MP: 5/5
   799 | D:1      | Found a sparkling altar of Nemelex Xobeh.
  1475 | D:3      | Reached XP level 4. HP: 37/40 MP: 6/6
  2302 | D:2      | Reached XP level 5. HP: 46/46 MP: 7/7
  2405 | D:2      | Reached skill level 5 in Armour
  2933 | D:4      | HP: 2/47 [orc/+0 morningstar (4)]
  2933 | D:4      | Killed from afar by an orc priest

Illustrated notes

Levels and vault maps discovered:
D:1:      dpeg_arrival_solitude, layout_basic, minmay_misc_feat_square,
          nemelex_altar_shiori
D:2:      layout_basic
D:3:      layout_basic
D:4:      layout_cave_pods, tgw_trog, tso_oasis_becter, minmay_close_crescents

Skill      XL: |  1  2  3  4  5 |
---------------+----------------+-----
Fighting       | 3 4 |  4.3
Armour         | 4 5 |  5.0
Bows           | |  1.0
Shields        | |  1.0
Evocations     | |  1.0

Action                   |  1- 3 |  4- 6 || total
-------------------------+-------+-------++-------
Melee: Short sword       |    70 |       ||    70
       Dagger            |     5 |       ||     5
       Spear             |    82 |   188 ||   270
  Use: Scroll            |       |    12 ||    12
Armor: Scale mail        |   103 |   101 ||   204
Dodge: Dodged            |    93 |    94 ||   187

Table legend: (Time is in decaauts)
 A = Elapsed time spent in this place.
 B = Non-inter-level travel time spent in this place.
 C = Inter-level travel time spent in this place.
 D = Time resting spent in this place.
 E = Time spent auto-exploring this place.
 F = Levels seen in this place.
 G = Mean time per level.
                   A        B        C        D        E       F      G
               +--------+--------+--------+--------+--------+-----+--------+
         Total |   2965 |   2818 |    147 |     61 |   2092 |   4 |  741.2 |
       Dungeon |   2965 |   2818 |    147 |     61 |   2092 |   4 |  741.2 |
               +--------+--------+--------+--------+--------+-----+--------+

Top non-repeatable levels by time:
     D:1: 1023 daAuts
     D:2: 1007 daAuts
     D:3: 873 daAuts
     D:4: 60 daAuts
